 Dungeon Crawl Stone Soup version bcrawl-1.31.4 (webtiles) character file.

Game seed: 2703065339603973890

311336 Morbidden the Thaumaturge (level 10, -4/84 HPs)
             Began as a Djinni Reaver on June 18, 2021.
             Was an Elder of Vehumet.
             Slain by an orc knight
             ... wielding a +0 spear of venom
              (30 damage)
             ... on level 9 of the Dungeon.
             The game lasted 00:16:43 (9546 turns).

Morbidden the Thaumaturge (Djinni Reaver)           Turns: 9546, Time: 00:16:43

Health: -4/84      AC:  6    Str: 14    XL:     10   Next: 74%
Magic:  14/33      EV: 13    Int: 20    God:    Vehumet [****..]
Gold:   367        SH:  5    Dex:  9    Spells: 25/30 levels left

rFire    . . .     SeeInvis .   b - +2 dagger (venom)
rCold    . . .     Gourm    .   y - +0 buckler
rNeg     . . .     Faith    .   B - +0 robe {Archmagi}
rPois    +         Spirit   .   (no helmet)
rElec    .         Reflect  .   I - +0 cloak {rPois}
rCorr    .         Harm     .   r - +2 pair of gloves
MR       +....     Rnd*Rage +   (boots unavailable)
Stlth    +.........             (no amulet)
HPRegen  0.24/turn              J - ring of magical power
MPRegen  0.23/turn              (no ring)

@: lethally poisoned (-4 -> -28), flying
A: never pass out, berserk 2, blink, blurry vision 2, wild magic 3, MP-powered
wands, floating
a: Blink, Renounce Religion


You were on level 9 of the Dungeon.
You worshipped Vehumet.
Vehumet was greatly pleased with you.
You were hungry.

You visited 1 branch of the dungeon, and saw 9 of its levels.

You collected 539 gold pieces.
You spent 172 gold pieces at shops.

Inventory:

Hand Weapons
 a - a +0 scimitar
 b - a +2 dagger of venom (weapon)
Missiles
 h - 48 poisoned tomahawks (quivered)
 s - 94 curare-tipped needles
 F - a throwing net {=f}
Armour
 l - +0 steam dragon scales
 r - a +2 pair of gloves (worn)
 t - a +3 medium shield of reflection
 y - a +0 buckler (worn)
 B - a +0 robe of the Archmagi (worn)
 I - a +0 cloak of poison resistance (worn)
Jewellery
 J - a ring of magical power (left hand)
Wands
 q - a wand of flame (19)
Scrolls
 d - a scroll of immolation
 i - a scroll of identify
 m - a scroll of fear {unknown}
 n - 9 scrolls of remove curse
 w - 2 scrolls of enchant armour
 x - a scroll of silence {unknown}
 C - a scroll of magic mapping {unknown}
 D - 2 scrolls of teleportation {unknown}
 G - 2 scrolls of brand weapon {unknown}
 H - a scroll of fog {unknown}
 K - a scroll of acquirement {unknown}
Potions
 c - 4 potions of haste
 f - 2 potions of lignification {unknown}
 g - 2 potions of experience {unknown}
 j - 2 potions of curing {unknown}
 k - a potion of agility
 o - 3 potions of cancellation {unknown}
 p - 2 potions of mutation {unknown}
 u - a potion of brilliance {unknown}
 v - a potion of might {unknown}
 z - a potion of flight {unknown}
 A - a potion of heal wounds {unknown}
 E - 2 potions of ambrosia {unknown}
Comestibles
 e - 11 rations {!d}


   Skills:
 * Level 6.8 Fighting
 + Level 1.7(4.3) Short Blades
 * Level 6.9(7.0) Long Blades
 + Level 0.6 Throwing
 * Level 7.0 Dodging
 + Level 1.1 Stealth
 * Level 4.2 Shields
 * Level 10.7 Spellcasting
 * Level 8.4 Conjurations
 + Level 2.2 Fire Magic
 + Level 3.0 Poison Magic


You had 25 spell levels left.
You knew the following spells:

 Your Spells              Type           Power        Failure   Level  Hunger
a - Sting                 Conj/Pois      ####         1%          1    None
b - Iskenderun's Mystic   Conj           #######.     1%          3    None
c - Flame Tongue          Conj/Fire      #####        2%          1    None

Your spell library contained the following spells:

 Spells                   Type           Power        Failure   Level  Hunger
 Lightning Bolt           Conj/Air       ######....   30%         5    ###....
 Iskenderun's Battlesphe  Conj/Chrm      ######..     30%         5    ###....


Dungeon Overview and Level Annotations

Branches:
Dungeon (9/12)             Temple (0/1) D:4
   Lair: D:7-9          Orc: D:8-11

Altars:
Elyvilon
Gozag
Hepliaklqana
Lugonu
Makhleb
Nemelex Xobeh
Xom
Zin
The Shining One
Beogh

Shops:
D:5 *[   D:6 =   D:7 [

Annotations:
D:3 2 transporters, RaHiT's ghost, amateur FrWr


Innate Abilities, Weirdness & Mutations

You never pass out after going berserk.
You often lose your temper in combat.
You can translocate small distances at will.
Scrolls take you longer to read.
Your spells are much harder to cast, but much more powerful.
You expend magic power (3 MP) to strengthen your wands.
Your body floats in the air.


Message History

Casting: Iskenderun's Mystic Blast (safe; 1% risk of failure)
Confirm with . or Enter, or press ? or * to list all spells.
Aiming: Iskenderun's Mystic Blast (safe; 1% risk of failure)
Press: ? - help, Shift-Dir - straight line, f/p - orc knight
Aim: an orc knight, wielding a +0 spear of venom, wearing a +0 scale mail of poison resistance and wearing a +0 medium shield (unusually strong)
You feel a surge of power!
The orb of energy hits the orc knight!!
The orc knight is moderately wounded.
You feel very sick.
The orc knight hits you from afar with a +0 spear of venom!!
No path to travel!
Casting: Iskenderun's Mystic Blast (safe; 1% risk of failure)
Confirm with . or Enter, or press ? or * to list all spells.
Aiming: Iskenderun's Mystic Blast (safe; 1% risk of failure)
Press: ? - help, Shift-Dir - straight line, f/p - orc knight
Aim: an orc knight, wielding a +0 spear of venom, wearing a +0 scale mail of poison resistance and wearing a +0 medium shield (moderately wounded, unusually strong)
You feel a surge of power!
The orb of energy hits the orc knight!!
The orc knight is heavily wounded.
You feel very sick.
The orc knight hits you from afar with a +0 spear of venom!!
You die...

.### .8o#.8. ..# ##..o
..###.# #..# #...#.#
#.# .#.#.## #o# .....
#o# #.#.# #.# ##.#.##
#@#######.....##
#.#........###.###
#..#.#.##..###....
#####.......##.##..<##
........).##.......#..#
########### ###########


You could see 2 orc knights.

Vanquished Creatures
  A two-headed ogre (D:5)
  An orc knight (D:9)
  3 centaur zombies
  A harpy zombie (D:7)
  A troll (D:8)
  2 hippogriffs
  A hungry ghost (D:7)
  A steam dragon (D:7)
  4 orc warriors
  3 ice beasts
  2 necrophages
  A black bear (D:6)
  2 phantoms
  2 sky beasts
  3 ogres
  4 centaurs
  3 bullfrogs
  Blork the orc (D:4)
  A scorpion (D:3)
  3 howler monkeys (D:4)
  9 wights
  4 crimson imps
  3 hounds
  A jelly (D:5)
  A gnoll shaman (D:5)
  Crazy Yiuf (D:6)
  4 orc priests
  7 orc wizards
  A centaur skeleton (D:6)
  A bullfrog skeleton (D:7)
  7 worker ants
  An iguana (D:5)
  A killer bee zombie (D:8)
  A howler monkey zombie (D:6)
  6 gnolls
  12 adders
  3 shadow imps
  An ooze (D:5)
  2 adder zombies (D:8)
  2 worms
  A dart slug (D:4)
  2 leopard geckos (D:2)
  45 orcs
  2 bats (D:2)
  A giant cockroach (D:1)
  2 goblins
  9 hobgoblins
  18 jackals
  7 kobolds
  5 quokkas
  A ball python (D:3)
  3 frilled lizards
  A jackal zombie (D:5)
  5 rats
210 creatures vanquished.

Notes
Turn   | Place    | Note
-------+----------+-------------------------------------------
     0 | D:1      | Morbidden the Djinni Reaver began the quest for the Orb.
     0 | D:1      | Reached XP level 1. HP: 19/19 MP: 4/4
   307 | D:1      | Reached XP level 2. HP: 26/26 MP: 6/6
   957 | D:2      | Found a glowing silver altar of Zin.
   992 | D:3      | Reached * piety under Vehumet
   992 | D:3      | Offered knowledge of Sting by Vehumet.
   993 | D:3      | Reached XP level 3. HP: 18/31 MP: 7/7
  1015 | D:3      | Learned a level 1 spell: Sting
  1142 | D:3      | Gained mutation: Your spells are harder to cast, but more
                  | powerful. [Djinni growth]
  1142 | D:3      | Gained mutation: You can translocate small distances at
                  | will. [Djinni growth]
  1142 | D:3      | Reached XP level 4. HP: 39/40 MP: 1/9
  1380 | D:2      | Found a sparkling altar of Nemelex Xobeh.
  1487 | D:2      | Reached skill level 1 in Conjurations
  1706 | D:2      | Found a hazy altar of Hepliaklqana.
  1976 | D:2      | Found a shimmering altar of Xom.
  1989 | D:2      | Found a burning altar of Makhleb.
  2472 | D:3      | Reached XP level 5. HP: 46/46 MP: 2/10
  2580 | D:3      | Reached skill level 4 in Spellcasting
  2633 | D:3      | Noticed an ice beast
  2645 | D:3      | Killed an ice beast
  2646 | D:3      | Reached XP level 6. HP: 32/52 MP: 9/13
  2816 | D:3      | Found a white marble altar of Elyvilon.
  3065 | D:3      | Found a transporter.
  3065 | D:3      | Noticed RaHiT's ghost (amateur FrWr)
  3066 | D:3      | Identified the +2 dire flail of a bazaar {crush, rF+ rC-
                  | MR+ SInv}
  3072 | D:3      | Found a transporter.
  3608 | D:4      | Found a staircase to the Ecumenical Temple.
  3613 | D:4      | Reached skill level 5 in Spellcasting
  3665 | D:4      | Reached skill level 1 in Shields
  3665 | D:4      | Reached skill level 1 in Poison Magic
  3768 | D:4      | Reached ** piety under Vehumet
  3768 | D:4      | Offered knowledge of Flame Tongue by Vehumet.
  3771 | D:4      | Learned a level 1 spell: Flame Tongue
  3797 | D:4      | Reached XP level 7. HP: 58/60 MP: 11/15
  4041 | D:4      | Reached skill level 5 in Long Blades
  4092 | D:4      | Reached skill level 6 in Spellcasting
  4092 | D:4      | Reached skill level 1 in Fire Magic
  4502 | D:5      | Entered Level 5 of the Dungeon
  4502 | D:5      | Noticed Blork the orc
  4526 | D:4      | Killed Blork the orc
  4527 | D:4      | Gained mutation: Your spells are much harder to cast, but
                  | much more powerful. [Djinni growth]
  4527 | D:4      | Reached XP level 8. HP: 17/67 MP: 13/18
  4879 | D:5      | Offered knowledge of Iskenderun's Mystic Blast by Vehumet.
  4901 | D:5      | Reached skill level 5 in Fighting
  4901 | D:5      | Reached skill level 7 in Spellcasting
  4908 | D:5      | Learned a level 3 spell: Iskenderun's Mystic Blast
  5106 | D:5      | Found Faklag's Assorted Antiques.
  5309 | D:5      | Found Zooles's Armour Shop.
  5364 | D:5      | Reached skill level 5 in Conjurations
  5538 | D:5      | Reached *** piety under Vehumet
  5640 | D:5      | Found a runed door.
  5713 | D:5      | Reached skill level 5 in Dodging
  5936 | D:5      | Reached skill level 8 in Spellcasting
  6284 | D:5      | Offered knowledge of Ignite Poison by Vehumet.
  6304 | D:5      | Reached XP level 9. HP: 35/74 MP: 7/21
  6642 | D:5      | Found a roughly hewn altar of Beogh.
  6865 | D:6      | Reached skill level 1 in Short Blades
  6954 | D:6      | Found a glowing golden altar of the Shining One.
  6992 | D:6      | Reached **** piety under Vehumet
  7030 | D:6      | Noticed a two-headed ogre
  7045 | D:6      | Found Daemn's Jewellery Emporium.
  7342 | D:5      | Killed a two-headed ogre
  7343 | D:5      | Reached skill level 9 in Spellcasting
  7387 | D:6      | Offered knowledge of Lightning Bolt by Vehumet.
  7396 | D:6      | Reached XP level 10. HP: 70/83 MP: 2/23
  7725 | D:6      | Found a runed door.
  7726 | D:6      | Got a steaming mace
  7730 | D:6      | Noticed Crazy Yiuf
  7740 | D:6      | Killed Crazy Yiuf
  7935 | D:7      | Found Ulludi's Antique Armour Shop.
  7941 | D:7      | Bought a glowing cloak for 172 gold pieces
  8012 | D:7      | Reached skill level 10 in Spellcasting
  8103 | D:7      | Reached skill level 1 in Stealth
  8593 | D:7      | Found a corrupted altar of Lugonu.
  9159 | D:8      | Found an opulent altar of Gozag.
  9533 | D:9      | Noticed an orc knight
  9536 | D:9      | Noticed an orc knight
  9536 | D:9      | Noticed an orc knight
  9542 | D:9      | Killed an orc knight
  9546 | D:9      | Slain by an orc knight

Skill      XL: |  1  2  3  4  5  6  7  8  9 10 |
---------------+-------------------------------+-----
Long Blades    | 4 5 6 |  6.9
Conjurations   | 1 2 4 5 7 8 |  8.4
Spellcasting   | 4 5 6 8 9 10 | 10.7
Fighting       | 4 5 6 |  6.8
Dodging        | 4 5 6 7 |  7.0
Shields        | 1 2 3 4 |  4.2
Poison Magic   | 1 2 3 |  3.0
Fire Magic     | 1 2 |  2.2
Short Blades   | 1 |  1.7
Stealth        | 1 |  1.1
Throwing       | |  0.6

Action                   |  1- 3 |  4- 6 |  7- 9 | 10-12 || total
-------------------------+-------+-------+-------+-------++-------
Melee: Long sword        |    59 |       |       |       ||    59
       Dagger            |    37 |    40 |    87 |    29 ||   193
Throw: Tomahawk          |       |       |     8 |       ||     8
 Cast: Sting             |    14 |   112 |   146 |    65 ||   337
       Flame Tongue      |       |     2 |    34 |       ||    36
       Iskenderun's Myst |       |       |    74 |    54 ||   128
 Abil: Blink             |       |       |     6 |     4 ||    10
  Use: Scroll            |       |     1 |     7 |     2 ||    10
 Stab: Sleeping          |       |       |       |     1 ||     1
  Eat: Chunk             |     3 |    11 |    16 |     7 ||    37
       Ration            |       |       |       |     1 ||     1
Armor: Steam dragon scal |    18 |    27 |    76 |    22 ||   143
       Robe              |       |       |       |     4 ||     4
Dodge: Dodged            |    57 |    28 |   149 |    48 ||   282
Block: Buckler           |       |       |    41 |    16 ||    57
